[Event "Early-Titled-Tuesday-Blitz-May-07-2024"]
[Site "Chess.com"]
[Date "2024.05.07"]
[Round "6"]
[White "luggevoila"]
[Black "cthulhuuu"]
[Result "0-1"]
[WhiteElo "2323"]
[BlackElo "2510"]
[TimeControl "180+1"]
[EndTime "9:10:30 PDT"]
[Termination "cthulhuuu won by checkmate"]

1. e4 d6 2. d4 Nf6 3. Nc3 c6 4. f4 Qb6 5. Nf3 Bg4 6. Be2 e6 7. O-O d5 8. e5 Nfd7 9. Be3 Qxb2 10. Bd2 Bxf3 11. Rxf3 Qb6 12. Be3 g6 13. Rb1 Qc7 14. g4 h5 15. h3 hxg4 16. hxg4 a6 17. Kg2 c5 18. Na4 c4 19. f5 gxf5 20. gxf5 Rg8+ 21.
Kf1 Nc6 22. fxe6 fxe6 23. Qe1 O-O-O 24. Qh4 Be7 25. Qh3 Rg6 26. Ke1 b5 27. Nb2 Qa5+ 28.
Kd1 Qxa2 29. Kc1 Ba3 30. c3 Qb3 31. Bd1 Qxc3+ 32. Bc2 Nb4 33. Bd2 Qxc2# 0-1

[Event "Early-Titled-Tuesday-Blitz-May-07-2024"]
[Site "Chess.com"]
[Date "2024.05.07"]
[Round "6"]
[White "Guldona_2007"]
[Black "Burgsvik"]
[Result "1-0"]
[WhiteElo "2175"]
[BlackElo "2321"]
[TimeControl "180+1"]
[EndTime "9:10:30 PDT"]
[Termination "Guldona_2007 won by resignation"]

1. d4 c5 2. d5 g6 3. e4 Bg7 4. Nf3 Nf6 5. Nc3 d6 6. Nd2 O-O 7. a4 Na6 8. Nc4 Nc7 9. Bg5 a6 10. a5 Nb5 11. f3 Nxc3 12. bxc3 Nd7 13. Bd2 b5 14. axb6 Nxb6 15. Na5 Qc7 16. Nc6 e5 17. c4 f5 18. Ba5 fxe4 19. fxe4 Qf7 20. Qe2 Nxc4 21.
Qxc4 Qf2+ 22. Kd1 Bg4+ 23. Be2 Qxg2 24. Re1 Bxe2+ 25. Rxe2 Qh1+ 26. Be1 Rf1 27. Ra3 Raf8 28. Qxa6 Bh6 29. Rh3 Rxe1+ 30. Rxe1 Qg2 31. Rxh6 Rf2 32. Qd3 Qg4+ 33. Kc1 Qg5+ 34. Qe3 Rf4 35. Rh3 h5 36. Rg3 Qf6 37. Rxg6+ Qxg6 38. Ne7+ Kf7 39. Nxg6 Kxg6 40. Rg1+ 1-0

[Event "Early-Titled-Tuesday-Blitz-May-07-2024"]
[Site "Chess.com"]
[Date "2024.05.07"]
[Round "6"]
[White "jk13"]
[Black "Valeron87"]
[Result "0-1"]
[WhiteElo "2643"]
[BlackElo "2491"]
[TimeControl "180+1"]
[EndTime "9:10:31 PDT"]
[Termination "Valeron87 won by resignation"]

1. e4 c5 2. c3 d5 3. exd5 Qxd5 4. d4 Nc6 5. Nf3 Bf5 6. dxc5 Qxd1+ 7. Kxd1 e5 8. Be3 Nf6 9. Nbd2 Ng4 10. Nb3 Nxe3+ 11.
fxe3 O-O-O+ 12. Ke1 Be7 13. Bb5 f6 14. Ke2 g5 15.
Rhf1 Be6 16. Nfd2 f5 17. Bc4 Bd7 18. e4 f4 19. Bd5 Kc7 20. Nc4 Bf6 21. Nd6 Rdf8 22.
h3 h5 23. Rad1 a6 24. Nf5 g4 25. hxg4 hxg4 26. Rh1 Ne7 27. Rxh8 Rxh8 28. Nxe7 Bxe7 29. Kf2 g3+ 30. Kg1 Bg4 31. Rf1 Be2 32. a4 Bxf1 33.
Kxf1 Rh1+ 34. Ke2 Rb1 0-1

[Event "Early-Titled-Tuesday-Blitz-May-07-2024"]
[Site "Chess.com"]
[Date "2024.05.07"]
[Round "6"]
[White "Bilan_Danila"]
[Black "chessdjw"]
[Result "0-1"]
[WhiteElo "2559"]
[BlackElo "2772"]
[TimeControl "180+1"]
[EndTime "9:10:34 PDT"]
[Termination "chessdjw won by resignation"]

1. d4 Nf6 2. Nf3 d5 3. c4 e6 4. Nc3 Bb4 5. Qb3 c5 6. a3 Bxc3+ 7. bxc3 O-O 8. e3 Nc6 9. a4 Na5 10. Qa2 dxc4 11. Bxc4 Nxc4 12. Qxc4 b6 13. O-O Bb7 14. dxc5 Qc7 15. Ba3 Rfc8 16. c6 Bxc6 17. Nd4 Bd5 18. Qxc7 Rxc7 19. Nb5 Rc4 20. Rfc1 Rxa4 21. Be7 Rxa1 22.
Rxa1 a5 23. Bxf6 gxf6 24. f3 Rd8 25. e4 Bc4 26. Nd4 Kf8 27. g4 e5 28. Nf5 Rd3 29.
Kf2 Ke8 30. Ne3 Rxc3 31. Rb1 Bb3 32. Rb2 a4 33. Rd2 a3 34. Nf5 Rc2 0-1

[Event "Early-Titled-Tuesday-Blitz-May-07-2024"]
[Site "Chess.com"]
[Date "2024.05.07"]
[Round "6"]
[White "glebus008"]
[Black "alpope"]
[Result "0-1"]
[WhiteElo "2326"]
[BlackElo "2532"]
[TimeControl "180+1"]
[EndTime "9:10:34 PDT"]
[Termination "alpope won by checkmate"]

1. e4 d6 2. d4 Nf6 3. Nc3 e5 4.
Nf3 Nbd7 5. Bc4 Be7 6. dxe5 dxe5 7. Bxf7+ Kxf7 8. Ng5+ Kg8 9. Ne6 Qe8 10. Nxc7 Qg6 11.
Nxa8 Qxg2 12. Rf1 Nc5 13. Qe2 Bh3 14. Be3 Qxf1+ 15. Qxf1 Bxf1 16. Kxf1 Ncxe4 17. Nxe4 Nxe4 18. Bxa7 Kf7 19. Nc7 Rc8 20. Nd5 Rxc2 21. Nxe7 Kxe7 22. Re1 Nd2+ 23. Kg2 Kf6 24. Re2 Rxb2 25. Bb8 e4 26. Ba7 Ke5 27. Bb8+ Kd5 28. Bf4 Nc4 29. Rxb2 Nxb2 30. Kf1 Na4 31. Bd2 Kd4 32. Ke2 Nc3+ 33. Bxc3+ Kxc3 34. Ke3 Kb2 35. Kxe4 Kxa2 36. Kd3 Kb3 37.
h4 h5 38. f4 b5 39. Ke4 b4 40. Kf5 Kc4 41. Kg6 b3 42. Kxg7 b2 43. f5 b1=Q 44. f6 Qg1+ 45. Kh6 Qf2 46. Kg7 Qxh4 47. f7 Qg5+ 48.
Kh7 Qf5+ 49. Kg8 h4 50. f8=Q Qxf8+ 51. Kxf8 h3 52. Kg7 h2 53. Kf6 h1=Q 54. Kg5 Qf3 55. Kg6 Qf4 56. Kg7 Qf5 57. Kh8 Qd7 58. Kg8 Kd5 59.
Kh8 Ke6 60. Kg8 Kf6 61. Kh8 Kg6 62. Kg8 Qd8# 0-1

[Event "Early-Titled-Tuesday-Blitz-May-07-2024"]
[Site "Chess.com"]
[Date "2024.05.07"]
[Round "6"]
[White "Winner_7777"]
[Black "NigiriSushies"]
[Result "1-0"]
[WhiteElo "2587"]
[BlackElo "2412"]
[TimeControl "180+1"]
[EndTime "9:10:35 PDT"]
[Termination "Winner_7777 won by resignation"]

1. d4 Nf6 2. c4 g6 3. Nc3 Bg7 4. e4 O-O 5. Be2 d6 6. Be3 Nbd7 7. g4 e5 8. d5 Ne8 9. h4 f5 10. gxf5 gxf5 11. exf5 Nb6 12. Bd3 Bxf5 13. Bxf5 Rxf5 14.
Qd3 Qf6 15. Nge2 Kh8 16. Ng3 Rf3 17. Qe4 Qf7 18. Ke2 Rf6 19. Rag1 Qg6 20. h5 Qxe4 21. Ncxe4 Rf7 22. h6 Bf8 23. b3 Nd7 24. Nh5 Nef6 25. Ng5 Re7 26. Ne6 Nxh5 27. Rxh5 Nf6 28. Rf5 Nd7 29. Bg5 Ree8 30. Rf7 1-0

[Event "Early-Titled-Tuesday-Blitz-May-07-2024"]
[Site "Chess.com"]
[Date "2024.05.07"]
[Round "6"]
[White "chesslh93"]
[Black "JG-17"]
[Result "0-1"]
[WhiteElo "2357"]
[BlackElo "2530"]
[TimeControl "180+1"]
[EndTime "9:10:35 PDT"]
[Termination "JG-17 won on time"]

1. e4 c5 2. Nf3 d6 3. d4 cxd4 4.
Nxd4 Nf6 5. Nc3 g6 6. Be3 Nc6 7. f3 h5 8. Qd2 Nxd4 9. Bxd4 Bh6 10. Be3 Bxe3 11. Qxe3 Be6 12. Bb5+ Kf8 13. Ba4 Qa5 14. O-O Kg7 15. Bb3 Rac8 16. Rfe1 Qc5 17. Rad1 h4 18. e5 dxe5 19. Bxe6 fxe6 20. Qxc5 Rxc5 21. Rd2 Rhc8 22. Kf2 b5 23. a3 a5 24. Ree2 b4 25. axb4 axb4 26. Ne4 Rc4 27. g3 Nd5 28. c3 b3 29.
Re1 Ra8 30. Red1 Ra2 31. Ke1 Ne3 32. Rc1 Nc2+ 33. Rcxc2 bxc2 34. Rxc2 h3 35. Kd2 Ra1 36. Nf2 Rc6 37. Nxh3 Rh1 38. Ng5 Rxh2+ 39. Kc1 Rh1+ 40. Kd2 Kf6 41. Ne4+ Kf5 42. Ke3 Re1+ 43. Kf2 Rb1 44.
Ke3 g5 45. Rh2 Kg6 46. Rc2 Ra6 47. Rd2 Ra2 48. b4 Ra3 49. Nc5 Rxc3+ 50. Ke4 Re1+ 0-1

[Event "Early-Titled-Tuesday-Blitz-May-07-2024"]
[Site "Chess.com"]
[Date "2024.05.07"]
[Round "6"]
[White "Arlo2024"]
[Black "lluiss"]
[Result "1-0"]
[WhiteElo "2405"]
[BlackElo "2226"]
[TimeControl "180+1"]
[EndTime "9:10:35 PDT"]
[Termination "Arlo2024 won by resignation"]

1. e4 c5 2. Nc3 d6 3. g3 Nc6 4. Bg2 g6 5. d3 Bg7 6. Nge2 Nf6 7.
O-O O-O 8. f4 Bd7 9. h3 Rb8 10. a4 a6 11. g4 b5 12. axb5 axb5 13. Ng3 b4 14. Nce2 Ne8 15. g5 Nc7 16. f5 Nb5 17. Nf4 Nbd4 18. Nd5 e6 19. f6 exd5 20.
fxg7 Kxg7 21. exd5 Ne5 22. Ra7 Qc8 23. Kh2 Nb5 24. Ra1 Nd4 25. Ne4 b3 26. c3 Nc2 27.
Ra7 Bb5 28. Nxd6 Qd8 29. Nxb5 Rxb5 30. Bf4 Nd7 31. Qg4 f6 32. Rxd7+ 1-0

[Event "Early-Titled-Tuesday-Blitz-May-07-2024"]
[Site "Chess.com"]
[Date "2024.05.07"]
[Round "6"]
[White "LikeWater"]
[Black "Happy1712Drummer"]
[Result "1-0"]
[WhiteElo "2678"]
[BlackElo "2511"]
[TimeControl "180+1"]
[EndTime "9:10:37 PDT"]
[Termination "LikeWater won by resignation"]

1. Nf3 c5 2. g3 Nc6 3. Bg2 g6 4. O-O Bg7 5. d3 e5 6. c3 Nge7 7. e4 O-O 8. a4 d6 9. Na3 h6 10. Nc4 Be6 11. Nfd2 Qd7 12. Ne3 f5 13. f4 Kh7 14. Nd5 Rae8 15. a5 exf4 16. gxf4 fxe4 17. dxe4 Bg4 18. Qa4 Nxd5 19. exd5 Ne7 20. Qxd7 Bxd7 21.
Ne4 Nc8 22. Bd2 Bf5 23. Ng3 Bd3 24. Rfe1 Ne7 25. Re6 Nf5 26. Rae1 Rxe6 27. Rxe6 Rf6 28. Nxf5 Bxf5 29. Re7 b6 30. a6 Bd3 31. Rxa7 Rf8 32. Bf1 Bxf1 33. Kxf1 g5 34. Rb7 gxf4 35. a7 Ra8 36.
Bxf4 Rf8 37. Ke2 Re8+ 38. Kd3 1-0

[Event "Early-Titled-Tuesday-Blitz-May-07-2024"]
[Site "Chess.com"]
[Date "2024.05.07"]
[Round "6"]
[White "Navyblue1"]
[Black "secretsuperstar7"]
[Result "0-1"]
[WhiteElo "2244"]
[BlackElo "2472"]
[TimeControl "180+1"]
[EndTime "9:10:37 PDT"]
[Termination "secretsuperstar7 won by resignation"]

1. d4 d5 2. c4 e6 3. Nc3 Nf6 4.
cxd5 exd5 5. Bg5 c6 6. e3 Be7 7. Bd3 O-O 8. Qc2 h6 9. Bh4 Re8 10. Nge2 Ne4 11. Bxe7 Qxe7 12. O-O Nd7 13. Rae1 Ndf6 14.
f3 Nd6 15. Ng3 Qc7 16. e4 Qb6 17. Nce2 Nb5 18. Bxb5 cxb5 19. e5 Rxe5 20. Kh1 Re8 21.
Qd3 Bd7 22. a3 b4 23. axb4 Qxb4 24. Nc3 Rac8 25. Rxe8+ Rxe8 26. Qd2 a6 27. Rc1 Rc8 28. Nge2 Bb5 29. Nf4 Rc4 30. Rd1 Ba4 31. Nxa4 Qxd2 0-1

[Event "Early-Titled-Tuesday-Blitz-May-07-2024"]
[Site "Chess.com"]
[Date "2024.05.07"]
[Round "6"]
[White "SkinnyPuppy8"]
[Black "yonaltimur"]
[Result "1-0"]
[WhiteElo "2232"]
[BlackElo "2383"]
[TimeControl "180+1"]
[EndTime "9:10:38 PDT"]
[Termination "SkinnyPuppy8 won by resignation"]

1. e4 c5 2. Nf3 d6 3. c3 Nf6 4.
Be2 e6 5. O-O Be7 6. Re1 O-O 7.
Bf1 Nc6 8. d4 cxd4 9. cxd4 d5 10. e5 Ne4 11. Nc3 Nxc3 12. bxc3 Bd7 13. Bd3 Rc8 14. Bd2 Na5 15. Rb1 b6 16. g3 Qc7 17.
h4 Rfe8 18. Ng5 g6 19. Nxh7 Kxh7 20. Qh5+ Kg7 21. Bh6+ Kh7 22. Bg5+ Kg7 23. Qh6+ Kg8 24. Bxg6 fxg6 25. Qxg6+ Kh8 26. Bf6+ Bxf6 27. exf6 Bc6 28.
f7 1-0

[Event "Early-Titled-Tuesday-Blitz-May-07-2024"]
[Site "Chess.com"]
[Date "2024.05.07"]
[Round "6"]
[White "Ruslan_Kurayan"]
[Black "GrotBchess"]
[Result "0-1"]
[WhiteElo "2622"]
[BlackElo "2496"]
[TimeControl "180+1"]
[EndTime "9:10:42 PDT"]
[Termination "GrotBchess won by resignation"]

1. e4 c5 2. Nf3 e6 3. d4 cxd4 4.
Nxd4 Nc6 5. Nc3 Nf6 6. Ndb5 Bc5 7. Nd6+ Ke7 8. Bf4 e5 9. Nf5+ Kf8 10. Bg5 Bb4 11. Bd3 d5 12. exd5 Qxd5 13. O-O Bxc3 14.
bxc3 e4 15. Bxe4 Qxd1 16. Raxd1 Nxe4 17. Be7+ Ke8 18. Nd6+ Kxe7 19. Nxe4 Be6 20. f4 Rhd8 21. Rde1 Kf8 22. a3 h6 23. Nc5 Bc4 24. Rf2 b6 25.
Ne4 Rd7 26. f5 Re8 27. f6 Bd5 28. Rf4 Rxe4 29. fxg7+ Kxg7 30. Rfxe4 Bxe4 31. Rxe4 Rd1+ 32. Kf2 Rd2+ 33. Kg3 Rxc2 34. Rc4 Ne5 35. Rc7 a5 36. Kf4 Nd3+ 37. Ke3 Nc5 38. Rc6 Rxc3+ 39. Kd4 Rxa3 40. Rxb6 Ne6+ 41. Ke4 Ra2 42. Kf3 a4 43. Ra6 a3 44.
h4 Ra1 45. Kg3 a2 46. Ra4 Nc5 47. Ra3 Ne4+ 48. Kg4 Nc3 49. Rxc3 Rg1 50. Ra3 a1=Q 51. Rxa1 Rxa1 0-1

[Event "Early-Titled-Tuesday-Blitz-May-07-2024"]
[Site "Chess.com"]
[Date "2024.05.07"]
[Round "6"]
[White "PhileKhoob"]
[Black "PonyQueen07"]
[Result "1-0"]
[WhiteElo "2307"]
[BlackElo "2136"]
[TimeControl "180+1"]
[EndTime "9:10:42 PDT"]
[Termination "PhileKhoob won on time"]

1. e4 c5 2. Nf3 Nc6 3. Bb5 e5 4. O-O Bd6 5. Re1 Bc7 6. c3 Nge7 7. d4 cxd4 8. cxd4 Nxd4 9. Nxd4 exd4 10. Qxd4 O-O 11.
Nc3 Bb6 12. Qd1 d6 13. Be3 Be6 14. Bf1 Bxe3 15. Rxe3 Rc8 16. Qd2 d5 17. Rd3 Qa5 18.
exd5 Bf5 19. Rg3 Bg6 20. Bd3 Rfd8 21. Bxg6 Nxg6 22. Rd1 Rd6 23. h4 h5 24. Qg5 Qb6 25. Qxh5 Qxb2 26. Ne4 Rdd8 27. Qg4 Rc1 28. h5 Rxd1+ 29.
Qxd1 Nf8 30. h6 g6 31. d6 Qe5 32. Qf3 Rxd6 33. Nxd6 Qxd6 34. Rg4 Nh7 35. Re4 Qf8 36. Qe3 Qxh6 37. Qxh6 Nf8 38. Re8 1-0

[Event "Early-Titled-Tuesday-Blitz-May-07-2024"]
[Site "Chess.com"]
[Date "2024.05.07"]
[Round "6"]
[White "littlepinkyboy"]
[Black "Daaksboy"]
[Result "1-0"]
[WhiteElo "2655"]
[BlackElo "2497"]
[TimeControl "180+1"]
[EndTime "9:10:43 PDT"]
[Termination "littlepinkyboy won by checkmate"]

1. e4 c5 2. Nf3 d6 3. d4 cxd4 4. Nxd4 Nf6 5. Nc3 a6 6. h3 Nc6 7. g4 g6 8. Be3 Nxd4 9. Bxd4 Bh6 10. Qd3 O-O 11. Bg2 Bd7 12. O-O Bc6 13. f4 e5 14.
fxe5 dxe5 15. Bxe5 Nd7 16. Bd6 Re8 17. Kh1 Qh4 18.
Bg3 Qe7 19. Nd5 Qc5 20. Nc7 Rad8 21. Nxe8 Rxe8 22. Qf3 Re7 23. Qf2 Qxf2 24. Rxf2 Bxe4 25. Re1 Bxg2+ 26. Rxg2 Rxe1+ 27. Bxe1 Nc5 28. Re2 Bf4 29. Bd2 Bd6 30. Bb4 Kg7 31. Re8 Kf6 32. Kg2 h5 33. gxh5 gxh5 34. Rh8 Kg5 35. Rd8 Be5 36. Bxc5 Bxb2 37.
Rd5+ f5 38. Bd4 Ba3 39. Rd7 b5 40. Kf3 a5 41. Rg7+ Kh4 42. Bf2+ Kxh3 43. Rg3+ Kh2 44. Rg2+ Kh1 45. Rg1+ Kh2 46. Rb1 b4 47. Bg3+ Kh3 48.
Rh1# 1-0

[Event "Early-Titled-Tuesday-Blitz-May-07-2024"]
[Site "Chess.com"]
[Date "2024.05.07"]
[Round "6"]
[White "JoliyRoger"]
[Black "santosalberto1987"]
[Result "0-1"]
[WhiteElo "2395"]
[BlackElo "2565"]
[TimeControl "180+1"]
[EndTime "9:10:44 PDT"]
[Termination "santosalberto1987 won on time"]

1. d4 Nf6 2. c4 d6 3. Nc3 e5 4. d5 e4 5. Bg5 Bf5 6. e3 Nbd7 7. Nge2 h6 8. Bh4 g5 9. Bg3 Bg7 10. Nd4 Bg6 11. Be2 O-O 12. h4 Qe7 13. hxg5 hxg5 14.
Qd2 Ne5 15. O-O-O c5 16. dxc6 bxc6 17. Bxe5 dxe5 18. Nxc6 Qc5 19. Nd5 Rfe8 20. Nxf6+ Bxf6 21. Qd5 Qb6 22. c5 Qb7 23. Bg4 Kg7 24. Bd7 Rh8 25. Rxh8 Rxh8 26. Bh3 a5 27. Kb1 a4 28. Rc1 a3 29. b4 Ra8 30. Bd7 Rh8 31. Rd1 Rh2 32. Bh3 g4 33. Bxg4 Rxg2 34. Rd2 Rxg4 35. Kc2 Rg1 0-1

[Event "Early-Titled-Tuesday-Blitz-May-07-2024"]
[Site "Chess.com"]
[Date "2024.05.07"]
[Round "6"]
[White "Goffredo_Fofi"]
[Black "Nechitaylo_Nikita"]
[Result "1-0"]
[WhiteElo "2525"]
[BlackElo "2352"]
[TimeControl "180+1"]
[EndTime "9:10:44 PDT"]
[Termination "Goffredo_Fofi won by checkmate"]

1. e4 c5 2. d3 Nc6 3. g3 g6 4. Bg2 Bg7 5. f4 d6 6. Nf3 e6 7. O-O Nge7 8. c3 O-O 9. Be3 b5 10. d4 cxd4 11. cxd4 d5 12. e5 b4 13. Nbd2 Ba6 14.
Re1 Bd3 15. Nb3 Be4 16. Nc5 Nf5 17. Bf2 Bxf3 18. Bxf3 h5 19. Rc1 Rc8 20. h3 a5 21.
g4 hxg4 22. hxg4 Nh4 23. Bh1 g5 24. Bxh4 gxh4 25. g5 Qb6 26. Bf3 Rfd8 27. Bh5 Bf8 28. Bxf7+ Kxf7 29. Qh5+ Kg8 30. g6 Qa7 31. Nxe6 Nxd4 32.
Qh7+ Qxh7 33. gxh7+ Kxh7 34. Nxd4 Bc5 35. Rcd1 Rf8 36.
Rf1 Ba7 37. Kg2 Bxd4 38. Rxd4 Rc2+ 39. Kh3 Rxb2 40. f5 Rxa2 41. Rg1 Ra3+ 42. Kh2 Ra2+ 43. Kh1 Rg8 44. Rxh4# 1-0

[Event "Early-Titled-Tuesday-Blitz-May-07-2024"]
[Site "Chess.com"]
[Date "2024.05.07"]
[Round "6"]
[White "Naruto75_3"]
[Black "Zq1"]
[Result "0-1"]
[WhiteElo "2423"]
[BlackElo "2627"]
[TimeControl "180+1"]
[EndTime "9:10:46 PDT"]
[Termination "Zq1 won by resignation"]

1. d4 Nf6 2. c4 a6 3. Nc3 c5 4. d5 b5 5. cxb5 axb5 6. Nxb5 Qa5+ 7. Nc3 Bb7 8. Bd2 Qb6 9. e4 e6 10. dxe6 fxe6 11. Bd3 Nc6 12. Nf3 Nb4 13. Be2 Nxe4 14.
O-O Nxd2 15. Qxd2 Be7 16. Ne5 Nd5 17. Qc2 Bf6 18. Nxd5 Bxd5 19. Bh5+ Ke7 20. Ng4 Bd4 21. Ne3 Bc6 22. Rfe1 g6 23. Bg4 Rhf8 24. Re2 Rf4 25. Bh3 Raf8 26. Rae1 c4 27. Kh1 Bxe3 28. Qc3 Rxf2 29.
Rxf2 Rxf2 30. Qg7+ Rf7 31. Qe5 Qd4 32. Rd1 Qxe5 0-1

[Event "Early-Titled-Tuesday-Blitz-May-07-2024"]
[Site "Chess.com"]
[Date "2024.05.07"]
[Round "6"]
[White "IMchanged"]
[Black "tptagain"]
[Result "1-0"]
[WhiteElo "2770"]
[BlackElo "2917"]
[TimeControl "180+1"]
[EndTime "9:10:47 PDT"]
[Termination "IMchanged won by checkmate"]

1. d4 d5 2. Nc3 Nf6 3. Bf4 e6 4. e3 Bb4 5. Ne2 O-O 6. a3 Be7 7. Ng3 c5 8. dxc5 Bxc5 9. Bd3 Nc6 10. Bg5 Be7 11. Nh5 h6 12. h4 Ne5 13. Bf4 Nxd3+ 14.
cxd3 d4 15. Nxf6+ Bxf6 16. Ne4 dxe3 17. Nxf6+ Qxf6 18. fxe3 Qxb2 19. O-O b6 20. Qf3 Ba6 21. Qg3 f6 22. Bxh6 Rf7 23. Rad1 Kh7 24. h5 f5 25.
Qg6+ Kg8 26. Bg5 Bb7 27. Rf2 Qb3 28. Rdf1 Qxd3 29. h6 Raf8 30. Bf6 Qe4 31. Bxg7 f4 32. h7# 1-0

[Event "Early-Titled-Tuesday-Blitz-May-07-2024"]
[Site "Chess.com"]
[Date "2024.05.07"]
[Round "6"]
[White "FREDERICKtheMATE"]
[Black "NastyaHn"]
[Result "1-0"]
[WhiteElo "2710"]
[BlackElo "2484"]
[TimeControl "180+1"]
[EndTime "9:10:47 PDT"]
[Termination "FREDERICKtheMATE won on time"]

1. d4 d5 2. c4 e6 3. Nf3 Nf6 4. Nc3 c5 5. cxd5 exd5 6. Bg5 cxd4 7. Nxd4 Be7 8. e3 Nc6 9. Bb5 Qd6 10. O-O O-O 11. Bf4 Qd8 12. Nxc6 bxc6 13. Bxc6 Be6 14. Bxa8 Qxa8 15. Ne2 Qb7 16. b3 Ne4 17. Nd4 Ba3 18. Nxe6 fxe6 19. Be5 Rf5 20. f4 Qb6 21. Bd4 Qb5 22.
Qg4 g6 23. Qh4 Qd7 24. g4 Rf7 25. Rf3 Be7 26. Qe1 e5 27. Bxe5 Qxg4+ 28. Rg3 Nxg3 29.
Qxg3 Qe2 30. Rc1 Bf8 31. Qh3 Qd3 32. Bd4 Qd2 33. Qf1 Qxa2 34. Qb5 Qd2 35. Rf1 Qc2 36.
Qxd5 Qc8 37. Ra1 Qg4+ 38. Kh1 Qe2 39. Qg2 Qxg2+ 40. Kxg2 Rb7 41. Rxa7 Rxb3 42. Kf3 Rd3 43. Ke4 Rb3 44. Kd5 Rb5+ 45. Ke6 Rb1 46. Ra8 1-0

[Event "Early-Titled-Tuesday-Blitz-May-07-2024"]
[Site "Chess.com"]
[Date "2024.05.07"]
[Round "6"]
[White "Dedic8"]
[Black "FairChess_on_YouTube"]
[Result "0-1"]
[WhiteElo "2866"]
[BlackElo "3084"]
[TimeControl "180+1"]
[EndTime "9:10:48 PDT"]
[Termination "FairChess_on_YouTube won by resignation"]

1. d4 Nf6 2. c4 e6 3. Nc3 d5 4.
cxd5 exd5 5. Bg5 c6 6. e3 Bf5 7.
Bd3 Bxd3 8. Qxd3 Nbd7 9. Nge2 Bd6 10. f3 O-O 11. O-O Re8 12. Bh4 Qb6 13. b3 Re6 14.
h3 Rae8 15. Bf2 Nf8 16. Kh1 Ng6 17. Rac1 Qd8 18. Rce1 Bb4 19. Ng3 Bd6 20. Nf5 Bb8 21.
e4 Nf4 22. Qd2 dxe4 23. fxe4 Nxe4 24. Nxe4 Rxe4 25. Rxe4 Rxe4 26. Bg3 Qd5 27. Nh6+ gxh6 28. Bxf4 Qf5 29. g3 Qxh3+ 30. Kg1 Bxf4 0-1

[Event "Early-Titled-Tuesday-Blitz-May-07-2024"]
[Site "Chess.com"]
[Date "2024.05.07"]
[Round "6"]
[White "GMG"]
[Black "Semetey"]
[Result "1-0"]
[WhiteElo "2830"]
[BlackElo "2597"]
[TimeControl "180+1"]
[EndTime "9:10:48 PDT"]
[Termination "GMG won by checkmate"]

1. d4 d5 2. c4 e6 3. Nf3 Nf6 4.
Nc3 Nbd7 5. Bf4 c6 6. e3 Be7 7. h3 O-O 8. Qc2 b6 9. Bd3 dxc4 10. Bxc4 Bb7 11. Rd1 b5 12. Bd3 Qb6 13. O-O a6 14. Ne5 Nxe5 15. dxe5 Nd5 16. Bxh7+ Kh8 17. Nxd5 cxd5 18.
Bd3 g5 19. Qe2 Kg7 20. Qg4 Qd8 21. h4 Rh8 22. hxg5 d4 23. e4 Rh7 24. Bd2 Qc7 25. f4 Rah8 26. Rc1 Rh1+ 27. Kf2 Rxf1+ 28. Bxf1 Qb6 29.
Bd3 a5 30. f5 exf5 31. exf5 Bd8 32. f6+ Kf8 33. g6 Bxf6 34. exf6 Qxf6+ 35. Kg1 Qe5 36. g7+ Qxg7 37. Rc8+ Bxc8 38. Qxc8+ Ke7 39. Qc7+ Kf6 40.
Qd6# 1-0

[Event "Early-Titled-Tuesday-Blitz-May-07-2024"]
[Site "Chess.com"]
[Date "2024.05.07"]
[Round "6"]
[White "GoltsevDmitry2000"]
[Black "Perecke"]
[Result "0-1"]
[WhiteElo "2773"]
[BlackElo "2566"]
[TimeControl "180+1"]
[EndTime "9:10:50 PDT"]
[Termination "Perecke won by checkmate"]

1. e4 c5 2. Nf3 e6 3. d4 cxd4 4. Nxd4 Nc6 5. Nc3 Qc7 6. Be2 a6 7. O-O b5 8. a3 Bb7 9. Be3 Nf6 10. f4 Bc5 11. Bf3 Qb6 12. Nce2 Nxd4 13. Nxd4 Bxe4 14. c3 Qb7 15. Kh1 O-O 16. Nxe6 Bxe3 17. Nxf8 Rxf8 18. Qe2 Bb6 19. Rad1 d5 20. g4 Re8 21. g5 Nd7 22. Rfe1 Nc5 23. b4 Na4 24. Bxe4 dxe4 25. Rc1 g6 26. c4 bxc4 27. Rxc4 e3+ 28. Qg2 Qe7 29. Qc6 Nb2 30. Rc3 Bd4 31. Rb3 e2 32. h4 Bf2 33. Rxe2 Qxe2 34. Rxb2 Qf1+ 35. Kh2 Qg1+ 36. Kh3 Qg3# 0-1

[Event "Early-Titled-Tuesday-Blitz-May-07-2024"]
[Site "Chess.com"]
[Date "2024.05.07"]
[Round "6"]
[White "giovannibrandao7"]
[Black "Fh2411"]
[Result "0-1"]
[WhiteElo "2308"]
[BlackElo "2528"]
[TimeControl "180+1"]
[EndTime "9:10:51 PDT"]
[Termination "Fh2411 won on time"]

1. e4 c6 2. d4 d5 3. Nc3 dxe4 4.
Nxe4 Nf6 5. Nxf6+ exf6 6. c3 Qe7+ 7. Be2 Qc7 8. Qc2 Bd6 9. Nf3 O-O 10. Be3 Re8 11.
O-O-O Nd7 12. Kb1 Nf8 13. h4 b5 14. h5 Be6 15. Bd3 a5 16. Rdg1 Bd5 17. Nh4 Bf4 18.
Nf5 a4 19. Rh4 Bg5 20. Rg4 Rxe3 21. fxe3 g6 22. hxg6 fxg6 23. e4 Be6 24. Rxg5 fxg5 25. Ne3 Qf7 26. Rf1 Bxa2+ 27. Ka1 Qb3 28. e5 a3 29. Qxb3+ Bxb3 30. bxa3 Be6 31. Kb2 Re8 32. Be4 Bd7 33. Rf6 Ne6 34. Ng4 Kg7 35. Rf1 h5 36. Nf6 Rf8 37. Rf3 g4 38. Rf1 Ng5 0-1

[Event "Early-Titled-Tuesday-Blitz-May-07-2024"]
[Site "Chess.com"]
[Date "2024.05.07"]
[Round "6"]
[White "average_trans"]
[Black "mbojan"]
[Result "0-1"]
[WhiteElo "2357"]
[BlackElo "2896"]
[TimeControl "180+1"]
[EndTime "9:10:52 PDT"]
[Termination "mbojan won by resignation"]

1. d4 a6 2. c4 b5 3. cxb5 axb5 4. e4 Bb7 5. f3 c5 6. Bxb5 cxd4 7. Qxd4 Nc6 8.
Bxc6 Bxc6 9. Nc3 e6 10. Nge2 Nf6 11. e5 Nd5 12. Nxd5 Bxd5 13. Nc3 Qa5 14. Be3 Bc6 15. O-O Rb8 16. a3 Rxb2 17. Rfb1 Rxb1+ 18. Rxb1 Qa8 19. Qa7 Qxa7 20. Bxa7 f6 21. Rb8+ Kf7 22. exf6 Bc5+ 23.
Kf1 Rxb8 24. Bxb8 gxf6 25. Ne4 Bxa3 26. Bd6 Bb2 27. Ke2 e5 28. g4 Ke6 29. Bb4 d5 30. Nc5+ Kf7 31. Nd3 Bb5 32. Ke3 Bd4+ 33. Kd2 Bb6 34. Bc5 Bc7 35. Nb4 d4 36. f4 Ba5 37.
fxe5 fxe5 38. Kd1 Bxb4 39. Bxb4 Ke6 40. Kd2 e4 41. Bf8 e3+ 42. Ke1 d3 43. Bb4 Kd5 44. h4 Kc4 45. Ba5 Kb3 46. Bd2 exd2+ 47. Kxd2 Kc4 48. g5 Be8 0-1

[Event "Early-Titled-Tuesday-Blitz-May-07-2024"]
[Site "Chess.com"]
[Date "2024.05.07"]
[Round "6"]
[White "LileKoridze"]
[Black "rookpower2004"]
[Result "1-0"]
[WhiteElo "2392"]
[BlackElo "2536"]
[TimeControl "180+1"]
[EndTime "9:10:52 PDT"]
[Termination "LileKoridze won by resignation"]

1. d4 d5 2. c4 e6 3. Nf3 Nf6 4. g3 dxc4 5. Bg2 c5 6. O-O Be7 7. Qa4+ Nc6 8. dxc5 Bxc5 9. Qxc4 Be7 10. Nc3 O-O 11.
Bf4 a6 12. Rfd1 Qe8 13. Ne5 Nxe5 14. Bxe5 Nd7 15. Bd6 Bxd6 16. Rxd6 b5 17. Qc7 Rb8 18. Bc6 Qd8 19. Qxd8 Rxd8 20. Rad1 Rb6 21. Ne4 Kf8 22. Nc5 Ke7 23. Nxd7 Bxd7 24. Rxd7+ Rxd7 25. Rxd7+ Kf6 26. Rc7 b4 27. Be8 a5 28. Rxf7+ Ke5 29. Rxg7 Kd6 30. Rxh7 b3 31. a3 Rb8 32. Ba4 Ke5 33. Rh5+ 1-0

[Event "Early-Titled-Tuesday-Blitz-May-07-2024"]
[Site "Chess.com"]
[Date "2024.05.07"]
[Round "6"]
[White "C_K_G"]
[Black "Payyappat"]
[Result "0-1"]
[WhiteElo "2291"]
[BlackElo "2504"]
[TimeControl "180+1"]
[EndTime "9:10:52 PDT"]
[Termination "Payyappat won by resignation"]

1. e4 c6 2. Nf3 d5 3. Nc3 dxe4 4. Nxe4 Nf6 5. Ng3 g6 6. d4 Bg7 7. Bc4 O-O 8. O-O Bg4 9. c3 Nbd7 10. h3 Bxf3 11.
Qxf3 e5 12. Be3 Qc7 13. Rad1 Rae8 14. Rfe1 e4 15. Qe2 Nd5 16. Bc1 f5 17. b4 e3 18. Bxd5+ cxd5 19. Rd3 f4 20. Nf1 Bh6 21. fxe3 Nb6 22. Qf2 fxe3 23. Qh4 e2 24. Ng3 Bxc1 25. Rxe2 Bf4 26. Rxe8 Rxe8 27. Rf3 Bxg3 28. Rxg3 Nc4 29. Qg5 Qf7 30. Rf3 Qe6 31. Rf6 Qe3+ 32. Qxe3 Rxe3 0-1